Match 46974562
Unlisted

Match 46974562
End
Selects Airborne Battlegroup
Selects Heavy Machine Gun Paradrop
Heavy Machine Gun Paradrop
Construct Barracks
Riflemen Squad
Heavy Machine Gun Paradrop
Engineer Squad
Air Support Center
Grenade Package
Selects Paratrooper Squad Paradrop
Riflemen Squad
.30 cal Machine Gun
P-47 Dive Bomb
Construct Medical Station
Construct Motor Pool
Selects Recon Loiter
M24 Chaffee Light Tank
P-47 Dive Bomb
Paratrooper Squad Paradrop
P-47 Strafing Run
Heavy Machine Gun Paradrop
Selects Anti-tank Gun Team Paradrop
P-47 Dive Bomb
Construct Tank Depot
Heavy Machine Gun Paradrop
Selects Paradrop Reinforcements
Selects Paradrop Reinforcements
M4A1 Sherman Medium Tank
P-47 Dive Bomb
Paratrooper Squad Paradrop
M4A1 Sherman Medium Tank
P-47 Dive Bomb
Engineer Squad
Engineer Squad
Selects Carpet Bombing Run
M4A1 Sherman Medium Tank
P-47 Dive Bomb
P-47 Strafing Run
Paratrooper Squad Paradrop
Delguard
Matileo
goat_rodeo
Steve Chappelle
Husar
Turrican
Asterisk
我爱日本女优松岛枫
0
0

Comments sign in to comment!

No comments posted yet!